 Dungeon Crawl Stone Soup version 0.30.0-15-g856e2d3f33 (webtiles) character file.

Game seed: 15530606843331037817

114278 dolemite99 the Grappler (level 16, 0/161 HPs)
             Began as a Troll Monk on May 19, 2023.
             Was the Champion of Nemelex Xobeh.
             Slain by a +0 falchion (7 damage)
             ... on level 2 of the Elven Halls.
             The game lasted 01:01:31 (37846 turns).

dolemite99 the Grappler (Troll Monk)               Turns: 37846, Time: 01:01:31

Health: 0/161      AC: 15    Str: 27    XL:     16   Next: 16%
Magic:  23/23      EV: 10    Int: 11    God:    Nemelex Xobeh [******]
Gold:   1388       SH: 12    Dex: 17    Spells: 7/15 levels left

rFire   + .          .
                       - Unarmed
rCold   + . .        D - +0 kite shield
rNeg    . . .        z - +1 acid dragon scales
rPois   .            S - +2 hat
rElec   +            v - +2 cloak {Will+}
rCorr   +            (gloves unavailable)
SInv    +            (boots unavailable)
Will    +++..        Y - amulet of the acrobat
Stlth   +            T - ring of Viec Rif {rElec rF+ rC+ rCorr Str+2}
HPRegen 1.26/turn    Z - ring of Wowkehusk {Will+ Int+3 Dex+3 SInv, =R}
MPRegen 0.18/turn

%: acrobat
@: marked
A: large, unfitting armour, claws 3, regeneration 1, shaggy fur 1, tough skin 1
a: Renounce Religion, Draw Escape, Draw Destruction, Draw Summoning, Draw Stack,
Triple Draw, Deal Four, Stack Five


You were on level 2 of the Elven Halls.
You worshipped Nemelex Xobeh.
Nemelex Xobeh was exalted by your worship.
You visited 5 branches of the dungeon, and saw 26 of its levels.
You visited 1 bazaar.

You collected 2208 gold pieces.
You spent 820 gold pieces at shops.

Inventory:

Missiles
 p - 21 poisoned darts (quivered)
 r - 2 javelins
 u - a curare-tipped dart
 K - 7 boomerangs
Armour
 v - a +2 cloak of willpower (worn)
 z - +1 acid dragon scales (worn)
 D - a +0 kite shield (worn)
 S - a +2 hat (worn)
Jewellery
 a - a ring of willpower
 t - a ring of protection from fire
 w - a ring of protection from cold
 A - a ring of wizardry
 B - a ring of poison resistance
 I - a +4 ring of slaying
 O - a ring of fire
 T - the ring of Viec Rif (left claw) {rElec rF+ rC+ rCorr Str+2}
   (You found it on level 5 of the Lair of Beasts)

   [ring of protection from cold]

   Str:       It affects your strength (+2).
   rF:        It protects you from fire.
   rC:        It protects you from cold.
   rElec:     It insulates you from electricity.
   rCorr:     It protects you from acid and corrosion.
 Y - an amulet of the acrobat (around neck)
 Z - the ring of Wowkehusk (right claw) {Will+ Int+3 Dex+3 SInv, =R}
   (You found it on level 14 of the Dungeon)

   [ring of willpower]

   Int:       It affects your intelligence (+3).
   Dex:       It affects your dexterity (+3).
   SInv:      It lets you see invisible.
   Will:      It increases your willpower.
Wands
 n - a wand of digging (6)
 o - a wand of flame (7)
 N - a wand of charming (10)
 R - a wand of polymorph (3)
Scrolls
 e - 5 scrolls of teleportation
 j - a scroll of fog
 G - 2 scrolls of poison
 H - 3 scrolls of vulnerability
 J - 3 scrolls of immolation
 L - 5 scrolls of identify {@r1}
 P - 3 scrolls of noise
Potions
 b - 5 potions of ambrosia
 d - a potion of heal wounds
 f - 4 potions of attraction
 g - 9 potions of flight
 h - 3 potions of might
 i - 5 potions of curing
 k - 2 potions of magic
 l - 6 potions of haste
 m - 5 potions of brilliance
 q - 11 potions of lignification
 s - a potion of berserk rage
 x - 3 potions of mutation
 X - a potion of cancellation
Miscellaneous
 c - a box of beasts
 y - a phial of floods (inert)
 C - a lightning rod (4/4)


   Skills:
 + Level 10.6 Fighting
 - Level 10.4 Throwing
 - Level 6.1 Armour
 - Level 4.0 Dodging
 - Level 9.4 Shields
 - Level 13.0 Unarmed Combat
 - Level 4.4 Translocations
 - Level 4.3 Air Magic
 - Level 11.8 Invocations
 - Level 5.9 Evocations


You had 7 spell levels left.
You knew the following spells:

 Your Spells              Type           Power      Damage    Failure   Level
a - Apportation           Tloc           18%        N/A       12%         1
b - Passwall              Tmut/Erth      0%         N/A       71%         2
c - Wereblood             Tmut           0%         N/A       71%         2
z - Swiftness             Air            9%         N/A       34%         3

Your spell library contained the following spells:

 Spells                   Type           Power      Damage    Failure   Level
 Shock                    Conj/Air       16%        1d4       28%         1
 Kiss of Death            Conj/Necr      0%         2d5       56%         1
 Magic Dart               Conj           0%         1d3       56%         1
 Sandblast                Erth           0%         2d4       56%         1
 Volatile Blastmotes      Fire/Tloc      8%         2d10      65%         3
 Sublimation of Blood     Necr           0%         N/A       71%         2
 Airstrike                Air            4%         2d(1-17)  75%         4
 Stone Arrow              Conj/Erth      0%         3d7       91%         3
 Iskenderun's Mystic Bla  Conj/Tloc      4%         2d3       96%         4
 Summon Lightning Spire   Summ/Air       4%         N/A       96%         4
 Animate Dead             Necr           0%         N/A       100%        4
 Fulminant Prism          Conj/Hex       0%         3d5       100%        4
 Olgreb's Toxic Radiance  Pois           0%         N/A       100%        4
 Alistair's Intoxication  Tmut/Pois      0%         N/A       100%        5
 Arcjolt                  Conj/Air       2%         1d12      100%        5
 Freezing Cloud           Conj/Ice/Air   1%         6-21      100%        5
 Lee's Rapid Deconstruct  Erth           0%         3d4*      100%        5
 Summon Forest            Summ/Tloc      2%         N/A       100%        5
 Summon Mana Viper        Hex/Summ       0%         N/A       100%        5
 Death Channel            Necr           0%         N/A       100%        6
 Summon Cactus Giant      Summ           0%         N/A       100%        6
 Storm Form               Tmut/Air       2%         N/A       100%        7
 Summon Hydra             Summ           0%         N/A       100%        7
 Discord                  Hex            0%         N/A       100%        8
 Ignition                 Fire           0%         3d3       100%        8
 Maxwell's Capacitive Co  Air            4%         ∞         100%        8
 Fire Storm               Conj/Fire      0%         5d1       100%        9


Dungeon Overview and Level Annotations

Branches:
Dungeon (15/15)            Temple (0/1) D:6            Lair (5/5) D:10
  Swamp (0/4) Lair:3        Snake (2/4) Lair:3          Orc (2/2) D:9
    Elf (2/3) Orc:2        Vaults (0/5) D:13         Depths (0/4) D:15
  Slime: Lair:4-5

Altars:
Dithmenos
Gozag
Kikubaaqudgha
Nemelex Xobeh
Trog
Jiyva
Lugonu

Shops:
D:15 [   Orc:2 (*[:   Elf:2 *

Portals:
Abyss: Elf:1
Trove: D:14 (give 4 potions of resistance)

Annotations:
D:2 exclusion: downstairs
D:14 3 runed translucent doors, Cievud's ghost, journeyman GrFE
Lair:4 exclusion: oklob plant


Innate Abilities, Weirdness & Mutations

You are too large for most types of armour.
You have claws for hands.
Your natural rate of healing is unusually fast.
You are covered in fur. (AC +1)
You have tough skin. (AC +1)


Message History

The +8 dagger hits you!
The +2 battleaxe of distortion closely misses you.
The +0 falchion hits you but does no damage.
Okay, then.
Aim the phial where?
Press: ? - help, Shift-Dir - straight line, f - +2 battleaxe of distortion
Aim: a +2 battleaxe of distortion The torrent of water hits the +2 battleaxe of distortion.
The +2 battleaxe of distortion is lightly damaged.
The +2 battleaxe of distortion is knocked back by the torrent of water.
The wave splashes down.
Splash!
You fall into the shallow water.
You block the +8 dagger's attack.
The +2 halberd of pain barely misses you.
The +0 falchion hits you. The +0 falchion barely misses you.
The +8 dagger hits you but does no damage.
The deep elf archer unwields a +0 dagger.
The deep elf archer wields a +0 shortbow.
The deep elf archer shoots an arrow.
The arrow hits you!
* * * LOW HITPOINT WARNING * * *
The +2 halberd of pain is engulfed in blazing flames.
The +2 halberd of pain hits you from afar!
* * * LOW HITPOINT WARNING * * *
You mangle the water elemental!!
The water elemental is heavily damaged.
The +8 dagger closely misses you. You block the +0 falchion's attack.
The +0 falchion hits you!
* * * LOW HITPOINT WARNING * * *
You block the +2 halberd of pain's attack.
The +8 dagger hits you.
* * * LOW HITPOINT WARNING * * *
The +2 battleaxe of distortion hits you.
* * * LOW HITPOINT WARNING * * *
Space warps around you.
* * * LOW HITPOINT WARNING * * *
You block the water elemental's attack.
The deep elf zephyrmancer casts a spell.
The deep elf zephyrmancer blinks!
The +0 falchion hits you!
You die...
Your body glows with a rainbow of weird colours and disappears.

##).......### #.+.###.
#...........####.###.#.
+..e......<.##)........
#...>.......##..)......
#...e.......''.[.......
#...~...e...##.........
#...(~~~....##.........
#..○§((E....####.....##
###.E(@~..### ###.###
###(..### ### #####


You could see a deep elf archer (repels missiles), a deep elf knight, a water
elemental, a deep elf zephyrmancer, a fire elemental and 5 dancing weapons.

Vanquished Creatures
  A minotaur (Lair:4)
  A deep elf death mage (Elf:1)
  2 ettins
  Josephine (D:14)
  3 hydras
  A ghost crab (Lair:3)
  An ogre mage (D:15)
  3 vault guards (D:13)
  2 catoblepae
  A salamander tyrant (Snake:2)
  A radroach (Lair:5)
  7 dancing weapons
  4 anacondas
  4 centaur warriors
  5 boulder beetles
  3 two-headed ogres (D:15)
  4 death yaks (Lair:4)
  A deep elf knight (Elf:1)
  3 naga sharpshooters
  An orc high priest (Orc:2)
  A fire crab (Orc:2)
  3 skysharks
  2 deep trolls (D:15)
  A naga ritualist (Snake:2)
  3 sea snakes (Snake:1)
  4 necromancers
  2 deep elf archers
  7 orc knights
  6 deep elf zephyrmancers (Elf:1)
  2 mana vipers
  3 orc sorcerers
  12 deep elf pyromancers
  2 ugly things (D:13)
  A spectral boulder beetle (Lair:3)
  3 manticores
  5 salamanders
  Maurice (Orc:2)
  9 black mambas
  3 cyclopes
  10 elephants
  2 naga magi (Snake:1)
  A large abomination (Elf:1)
  2 gargoyles (D:13)
  A torpor snail (Lair:2)
  17 cane toads
  A rime drake (Lair:4)
  8 komodo dragons
  A guardian mummy (D:14)
  3 tengu conjurers
  4 meliai
  5 trolls
  2 tyrant leeches (Lair:5)
  5 saltlings
  A hornet (D:8)
  A wolf spider simulacrum (D:14)
  A spectral elephant (Lair:3)
  12 blink frogs
  3 dream sheep (Lair:2)
  A centaur simulacrum (D:14)
  5 slime creatures
  3 shadows
  7 wraiths
  3 air elementals
  A water elemental (D:13)
  A hog (Lair:5)
  6 yaks
  A human (Lair:3)
  2 fire bats (Snake:1)
  2 fire elementals
  3 wyverns
  A golden eye (shapeshifter) (D:13)
  2 basilisks
  7 vampire mosquitoes
  3 wargs
  9 nagas
  A hell hound (Lair:5)
  3 acid dragons
  11 water moccasins
  A sky beast (Lair:3)
  5 black bears
  3 ice beasts
  8 ogres
  8 orc warriors
  8 wolves
  10 centaurs
  2 elf zombies (Elf:1)
  4 kobold brigands
  3 scorpions
  16 bullfrogs
  An earth elemental (Elf:1)
  2 wights (D:9)
  5 howler monkeys
  6 electric eels
  A jelly (D:6)
  5 orc priests
  4 hounds
  3 sleepcaps
  An iguana (D:5)
  14 orc wizards
  4 hell rats (Lair:5)
  7 adders
  4 gnolls
  A white imp (D:7)
  2 ufetubi
  2 worms (D:2)
  A dart slug (D:1)
  37 orcs
  4 endoplasms
  11 goblins
  7 hobgoblins
  4 jackals
  30 kobolds
  A quokka (D:2)
  7 ball pythons
  3 bats
  4 frilled lizards
  3 rats (D:1)
513 creatures vanquished.

Vanquished Creatures (collateral kills)
  Rupert (Orc:2)
  A tengu reaver (D:13)
  A frost giant (D:13)
  A deep elf high priest (D:13)
  A ragged hierophant (Elf:1)
  2 hydras (Lair:4)
  4 vault guards (D:13)
  A catoblepas (D:14)
  A two-headed ogre (D:9)
  A shock serpent (Snake:2)
  A naga ritualist (Snake:2)
  A harpy (Orc:2)
  A lindwurm (Orc:2)
  A mana viper (Snake:2)
  2 elephants (Lair:2)
  4 black mambas (Snake:2)
  A naga mage (Snake:2)
  2 cane toads
  A troll (D:9)
  A saltling (Elf:1)
  A blink frog (Lair:5)
  A culicivora (shapeshifter) (D:13)
  A basilisk (D:11)
  14 yaks
  A steam dragon (D:8)
  4 vampire mosquitoes
  4 wargs
  3 nagas
  A water moccasin (Lair:4)
  4 orc warriors
  A bullfrog (Lair:5)
  2 gnoll sergeants
  2 wights (D:9)
  4 killer bees (D:10)
  An electric eel (D:8)
  An orc priest (Orc:2)
  An orc wizard (Orc:2)
  2 gnolls
  2 orcs
  A lurking horror (Elf:1)
80 creatures vanquished.

Vanquished Creatures (others)
  3 deep elf knights (Elf:1)
  A deep elf pyromancer (Elf:1)
4 creatures vanquished.

Grand Total: 597 creatures vanquished

Notes
Turn   | Place    | Note
-------+----------+-------------------------------------------
     0 | D:1      | dolemite99 the Troll Monk began the quest for the Orb.
     0 | D:1      | Reached XP level 1. HP: 22/22 MP: 0/0
    81 | D:1      | Reached XP level 2. HP: 29/29 MP: 1/1
   295 | D:1      | Reached skill level 4 in Unarmed Combat
   687 | D:2      | Reached XP level 3. HP: 36/36 MP: 2/2
  1514 | D:3      | Found a shadowy altar of Dithmenos.
  1883 | D:5      | Entered Level 5 of the Dungeon
  1911 | D:3      | Reached skill level 5 in Unarmed Combat
  1911 | D:3      | Reached XP level 4. HP: 42/44 MP: 3/3
  2222 | D:4      | Noticed an ogre
  2271 | D:4      | Killed an ogre
  2272 | D:4      | Reached skill level 6 in Unarmed Combat
  2272 | D:4      | Reached XP level 5. HP: 31/50 MP: 4/4
  2649 | D:4      | Found an opulent altar of Gozag.
  2650 | D:4      | Found a sparkling altar of Nemelex Xobeh.
  2984 | D:4      | Became a worshipper of Nemelex Xobeh the Trickster
  2984 | D:4      | Reached * piety under Nemelex Xobeh
  2984 | D:4      | Received a gift from Nemelex Xobeh
  2984 | D:4      | Reached ** piety under Nemelex Xobeh
  3011 | D:4      | Received a gift from Nemelex Xobeh
  3200 | D:4      | Noticed a black bear
  3204 | D:4      | Killed a black bear
  3205 | D:4      | Reached skill level 7 in Unarmed Combat
  3205 | D:4      | Reached XP level 6. HP: 59/59 MP: 5/5
  3278 | D:4      | Identified the +2 leather armour of the Thirsty Ziggurats
                  | {rElec Int+2 Dex+3}
  3333 | D:5      | Noticed a water moccasin
  3337 | D:5      | Killed a water moccasin
  3338 | D:5      | Reached XP level 7. HP: 55/66 MP: 8/8
  3613 | D:5      | Reached skill level 5 in Invocations
  3855 | D:5      | Identified the +0 robe of Arghe {Harm Fly Dex+2}
  4017 | D:6      | Reached XP level 8. HP: 74/74 MP: 11/11
  4050 | D:6      | Received a gift from Nemelex Xobeh
  4153 | D:6      | Reached *** piety under Nemelex Xobeh
  4532 | D:6      | Received a gift from Nemelex Xobeh
  4816 | D:6      | Found a staircase to the Ecumenical Temple.
  5337 | D:7      | Reached XP level 9. HP: 74/85 MP: 13/13
  5350 | D:7      | Reached skill level 5 in Fighting
  5506 | D:7      | Learned a level 1 spell: Apportation
  5510 | D:7      | Learned a level 2 spell: Passwall
  5514 | D:7      | Learned a level 2 spell: Wereblood
  5628 | D:7      | Received a gift from Nemelex Xobeh
  6666 | D:8      | Reached skill level 1 in Throwing
  6926 | D:8      | Paralysed by a hornet for 2 turns
  7228 | D:9      | Received a gift from Nemelex Xobeh
  7229 | D:9      | Got the Encyclopedia of the Barrage
  7303 | D:9      | Noticed a troll
  7318 | D:9      | Noticed a two-headed ogre
  7322 | D:9      | Killed a troll
  7325 | D:9      | Reached XP level 10. HP: 69/100 MP: 14/14
  7340 | D:9      | Killed a two-headed ogre
  7384 | D:9      | Found a staircase to the Orcish Mines.
  7446 | D:9      | Reached **** piety under Nemelex Xobeh
  7826 | D:10     | Entered Level 10 of the Dungeon
  7993 | D:10     | Reached skill level 1 in Translocations
  8032 | D:10     | Found a staircase to the Lair.
  8542 | D:10     | Found an ancient bone altar of Kikubaaqudgha.
  8552 | D:10     | Received a gift from Nemelex Xobeh
  9076 | D:11     | Received a gift from Nemelex Xobeh
  9301 | D:11     | Reached skill level 1 in Shields
  9818 | D:11     | Reached XP level 11. HP: 66/107 MP: 15/15
 10201 | D:11     | Reached ***** piety under Nemelex Xobeh
 10372 | Lair:1   | Entered Level 1 of the Lair of Beasts
 10611 | Lair:1   | Reached skill level 5 in Shields
 11012 | Lair:1   | Received a gift from Nemelex Xobeh
 11109 | Lair:1   | Noticed a boulder beetle
 11117 | Lair:1   | Killed a boulder beetle
 11629 | Lair:1   | You fall into a shaft and drop 1 floor!
 11630 | Lair:2   | Received a gift from Nemelex Xobeh
 11832 | Lair:2   | Noticed a boulder beetle
 12361 | Lair:2   | Received a gift from Nemelex Xobeh
 12430 | Lair:2   | Killed a boulder beetle
 12833 | Lair:2   | Reached XP level 12. HP: 18/118 MP: 16/16
 13282 | Lair:3   | Received a gift from Nemelex Xobeh
 13313 | Lair:3   | Learned a level 3 spell: Swiftness
 13539 | Lair:3   | Reached skill level 1 in Air Magic
 13791 | Lair:3   | Found the +10 morningstar "Eos" {elec, Halo rElec}
 14663 | Lair:3   | Found a staircase to the Snake Pit.
 14851 | Lair:3   | Received a gift from Nemelex Xobeh
 14958 | Lair:3   | Found a staircase to the Swamp.
 14958 | Lair:3   | Noticed a ghost crab
 14961 | Lair:3   | Killed a ghost crab
 15293 | Lair:4   | Reached skill level 1 in Evocations
 15415 | Lair:4   | Noticed a death yak
 15415 | Lair:4   | Noticed a death yak
 15415 | Lair:4   | Noticed a death yak
 15415 | Lair:4   | Noticed a death yak
 15423 | Lair:4   | Killed a death yak
 15423 | Lair:4   | Killed a death yak
 15428 | Lair:4   | Killed a death yak
 15552 | Lair:4   | Noticed a seven-headed hydra
 15557 | Lair:4   | Reached skill level 5 in Evocations
 15559 | Lair:4   | Killed a seven-headed hydra
 15602 | Lair:4   | Noticed a boulder beetle
 15818 | Lair:4   | Noticed an eight-headed hydra
 15846 | Lair:4   | Killed an eight-headed hydra
 16029 | Lair:4   | Noticed a boulder beetle
 16046 | Lair:4   | Killed a boulder beetle
 16141 | Lair:4   | Killed a boulder beetle
 16142 | Lair:4   | Reached XP level 13. HP: 97/124 MP: 17/17
 16186 | Lair:4   | Received a gift from Nemelex Xobeh
 16362 | Lair:4   | Found a viscous altar of Jiyva.
 16491 | Lair:4   | a death yak changed into a minotaur
 16491 | Lair:4   | Noticed a minotaur
 16493 | Lair:4   | Killed a minotaur
 17179 | Lair:4   | Reached skill level 8 in Unarmed Combat
 17537 | Lair:5   | Entered Level 5 of the Lair of Beasts
 17537 | Lair:5   | Received a gift from Nemelex Xobeh
 18244 | Lair:5   | Reached skill level 9 in Unarmed Combat
 18414 | Lair:5   | Reached skill level 1 in Armour
 19581 | Lair:5   | Reached skill level 5 in Armour
 19753 | Lair:5   | Identified the ring of Viec Rif {rElec rF+ rC+ rCorr Str+2}
 19949 | Lair:5   | Reached ****** piety under Nemelex Xobeh
 20210 | Orc:1    | Entered Level 1 of the Orcish Mines
 20300 | Orc:2    | Entered Level 2 of the Orcish Mines
 20300 | Orc:2    | Found a staircase to the Elven Halls.
 20620 | Orc:2    | Received a gift from Nemelex Xobeh
 20620 | Orc:2    | Noticed Nessos
 20622 | Orc:2    | Nessos changed into Nessos the fire crab
 20622 | Orc:2    | Noticed Nessos
 20636 | Orc:2    | Killed Nessos the fire crab
 21509 | Orc:2    | Noticed Rupert
 21517 | Orc:2    | Noticed Maurice
 21622 | Orc:2    | Killed Maurice
 21623 | Orc:2    | Reached XP level 14. HP: 118/133 MP: 20/20
 21968 | Orc:2    | Received a gift from Nemelex Xobeh
 22029 | Orc:2    | Killed Rupert
 22194 | Orc:2    | Found Leorphisat's Book Boutique.
 22430 | Orc:1    | Reached skill level 10 in Unarmed Combat
 22430 | Orc:1    | Reached skill level 10 in Invocations
 23174 | Orc:2    | Found Upnomigh's Weapon Emporium.
 23179 | Orc:2    | Bought 2 curare-tipped darts for 31 gold pieces
 23221 | Orc:2    | Found Ruth's Armour Shop.
 23222 | Orc:2    | Received a gift from Nemelex Xobeh
 23223 | Orc:2    | Found Lass's General Store.
 23907 | Orc:2    | Bought a potion of invisibility for 112 gold pieces
 24103 | D:12     | Identified the +12 rapier of Responsibility {venom, Fragile
                  | Str+4 Int+4}
 24505 | D:12     | Received a gift from Nemelex Xobeh
 25160 | D:13     | Received a gift from Nemelex Xobeh
 25170 | D:13     | Reached skill level 11 in Unarmed Combat
 25682 | D:13     | Found a gate to the Vaults.
 25801 | D:13     | Reached skill level 12 in Unarmed Combat
 26584 | D:13     | Received a gift from Nemelex Xobeh
 26629 | D:13     | Identified the +8 trident of Fuiskem {freeze, rN++ Will-
                  | Int+2 Dex+9}
 26907 | D:13     | Noticed a tengu reaver
 26910 | D:13     | Noticed a frost giant
 26916 | D:13     | Killed a tengu reaver
 26917 | D:13     | Reached skill level 13 in Unarmed Combat
 26920 | D:13     | Killed a frost giant
 27505 | D:14     | Found a bloodstained altar of Trog.
 27663 | D:14     | Received a gift from Nemelex Xobeh
 27664 | D:14     | Identified the ring of Wowkehusk {Will+ Int+3 Dex+3 SInv}
 27981 | D:14     | Noticed Josephine
 27994 | D:14     | Killed Josephine
 27995 | D:14     | Reached XP level 15. HP: 76/135 MP: 22/22
 28188 | D:14     | Found a runed translucent gate.
 28189 | D:14     | Found a runed translucent gate.
 28190 | D:14     | Found a runed translucent gate.
 28190 | D:14     | Noticed Cievud's ghost (journeyman GrFE)
 28919 | D:14     | Found a portal to a secret trove of treasure.
 29155 | D:15     | Entered Level 15 of the Dungeon
 29155 | D:15     | Received a gift from Nemelex Xobeh
 29456 | D:15     | Found Dissey Nioc's Antique Armour Shop.
 29794 | D:15     | Found a staircase to the Depths.
 30790 | Snake:1  | Entered Level 1 of the Snake Pit
 32422 | Snake:1  | Received a gift from Nemelex Xobeh
 33292 | Snake:2  | Reached skill level 10 in Throwing
 34936 | Elf:1    | Entered Level 1 of the Elven Halls
 35428 | Elf:1    | Found a gateway to a bazaar.
 35433 | Bazaar   | Entered a bazaar
 35437 | Bazaar   | Found Jeskam's Distillery.
 35459 | Bazaar   | Found Dibaky's Antique Weapon Emporium.
 35480 | Bazaar   | Found Tab Geab's Antique Armour Boutique.
 35500 | Bazaar   | Received a gift from Nemelex Xobeh
 35500 | Bazaar   | Found Gydghefro's Antique Armour Shoppe.
 35528 | Bazaar   | Bought a runed cloak for 172 gold pieces
 35589 | Bazaar   | Bought a potion of heal wounds for 65 gold pieces
 35589 | Bazaar   | Bought a potion of might for 52 gold pieces
 35589 | Bazaar   | Bought a potion of invisibility for 104 gold pieces
 35589 | Bazaar   | Bought a potion of berserk rage for 65 gold pieces
 35589 | Bazaar   | Bought a potion of attraction for 39 gold pieces
 35619 | Bazaar   | Bought a glowing cloak for 180 gold pieces
 36147 | Elf:1    | Found a corrupted altar of Lugonu.
 36345 | Elf:1    | Reached XP level 16. HP: 59/158 MP: 23/23
 36797 | Elf:1    | Paralysed by an air elemental for 1 turns
 36844 | Elf:1    | Reached skill level 10 in Fighting
 36953 | Elf:1    | Got the Tome of Ectoplasm
 36993 | Elf:1    | Found a one-way gate to the infinite horrors of the Abyss.
 37602 | Elf:2    | Paralysed by an air elemental for 1 turns
 37761 | Elf:2    | Found Girad's General Store.
 37846 | Elf:2    | HP: 7/161 [+2 battleaxe of distortion (6)]
 37846 | Elf:2    | Slain by a +0 falchion

Illustrated notes

Levels and vault maps discovered:
D:1:      shiori_arrival_oz, layout_basic, minmay_pentomino_q2
D:2:      layout_basic
D:3:      layout_basic, mainiacjoe_overflow_surrounded_room,
          lemuel_coloured_pillars_altar, hangedman_abyss_or_decor_lesser_grid
D:4:      black_bear_nest_1, layout_rooms, grunt_temple_overflow_opulence,
          serial_bayou_pond_b
D:5:      layout_basic
D:6:      layout_cave_pods, minmay_temple_entry_poolview,
          hangedman_decor_diamond_cutter, kennysheep_decorative_pillar,
          minmay_a_box_with_orc_wizards_in_it
D:7:      layout_rooms
D:8:      layout_basic, serial_bayou_pond_b
D:9:      layout_rooms, minmay_orc_entry_guard_dogs
D:10:     layout_loops_ring, lemuel_tele_altar, dpeg_oklobed_lair
D:11:     layout_loops_ring
D:12:     layout_stronghold
D:13:     cross_vault, layout_gridville, erik_vaults_2
D:14:     layout_loops_corners, nicolae_trove_entry_path_of_doom,
          gammafunk_ghost_spectres, trog_three_pillars_becter, kennysheep_nub,
          uniq_josephine
D:15:     hangedman_depths_entry_civil_slaughter, layout_long_grid,
          serial_shops, shop
Lair:1:   layout_roguey, lightli_volcano_entry_magma_tube
Lair:2:   layout_long_grid, nzn_sisyphean_effort
Lair:3:   layout_cave_pods, nicolae_swamp_entry_spooky,
          minmay_snake_entry_guardpost_large, grunt_megastairs_3,
          infiniplex_staircase_pool_2
Lair:4:   layout_gridlike, minmay_slime_entry_oklob_enclosed,
          minmay_shattered_shrine, lemuel_fruit_tree
Lair:5:   minmay_lair_end_frog_pond, layout_regular_city, serial_bayou_shore_b
Snake:1:  layout_basic, portal_ice_cave_entry_pillars_1
Snake:2:  layout_onion, serial_bayou_pond_b, serial_bayou_shore_b, uniq_roxanne
Orc:1:    layout_diamond_mine, serial_shops, nicolae_shop_bloodbath_and_beyond,
          uniq_gastronok
Orc:2:    hellmonk_orc_salted, layout_caves, uniq_rupert, uniq_nessos,
          uniq_maurice
Elf:1:    elf_arrival_001, layout_geoelf_octagon,
          portal_desolation_entry_nicolae_nacl, serial_shops, bzr_entry_road,
          minmay_elf_necromancy, serial_sigils_hangedman_scratch,
          grunt_ministairs_11, amcnicky_altar_lugonu_corruption
Elf:2:    nicolae_elf_blades_crystal_corner, layout_geoelf_grid, serial_shops,
          nicolae_book_shop_shelving, nicolae_shop_rolling_square, shop, shop,
          nicolae_elf_loose_elemental_storage

Skill      XL: |  1  2  3  4  5  6  7  8  9 10 11 12 13 14 15 16 |
---------------+-------------------------------------------------+-----
Unarmed Combat | 4 5 6 7 9 13 | 13.0
Invocations    | 3 5 7 9 11 | 11.8
Fighting       | 4 6 7 9 10 | 10.6
Dodging        | 4 |  4.0
Throwing       | 4 6 10 | 10.4
Translocations | 4 |  4.4
Shields        | 3 9 |  9.4
Air Magic      | 4 |  4.3
Evocations     | 5 |  5.9
Armour         | 6 |  6.1

Action                     |  1- 3 |  4- 6 |  7- 9 | 10-12 | 13-15 | 16-18 || total
---------------------------+-------+-------+-------+-------+-------+-------++-------
  Melee: Unarmed           |    79 |    40 |   222 |   342 |   980 |    89 ||  1752
  Throw: Dart              |       |    14 |    55 |   138 |   220 |    12 ||   439
         Boomerang         |       |       |    37 |    14 |       |       ||    51
         Javelin           |       |       |       |       |    54 |       ||    54
         Large rock        |       |       |       |       |    71 |       ||    71
         Throwing net      |       |       |       |       |     2 |       ||     2
   Cast: Swiftness         |       |       |       |     1 |       |       ||     1
         Apportation       |       |       |       |       |       |     6 ||     6
 Invoke: Draw Destruction  |       |     6 |     6 |    11 |    42 |       ||    65
         Draw Summoning    |       |       |     4 |    17 |    13 |       ||    34
         Draw Escape       |       |       |       |     2 |     2 |     1 ||     5
         Deal Four         |       |       |       |     3 |     2 |       ||     5
         Draw Stack        |       |       |       |       |     3 |       ||     3
         Stack Five        |       |       |       |       |     1 |       ||     1
  Evoke: Wand              |       |       |       |     8 |    44 |       ||    52
         Phial of floods   |       |       |       |       |     3 |     1 ||     4
         Box of beasts     |       |       |       |       |     2 |       ||     2
         Lightning rod     |       |       |       |       |     3 |       ||     3
    Use: Scroll            |       |     7 |     6 |    11 |    16 |       ||    40
         Potion            |       |       |       |     9 |    10 |     1 ||    20
   Stab: Distracted        |       |       |       |     1 |     1 |       ||     2
         Invisible         |       |       |       |       |     4 |       ||     4
         Sleeping          |       |       |       |       |     1 |       ||     1
 Armour: Robe              |    48 |    16 |    70 |    28 |       |       ||   162
         Steam dragon scal |       |       |       |    52 |   186 |       ||   238
         Acid dragon scale |       |       |       |       |    85 |    25 ||   110
  Dodge: Dodged            |    77 |    23 |   110 |   149 |   396 |    44 ||   799
  Block: Kite shield       |       |       |       |   119 |   543 |    46 ||   708
